 Dungeon Crawl Stone Soup version 0.30-a0-778-g2ef04afb54 (webtiles) character file.

Game seed: 7280672743903617027

70 Darius099 the Chopper (level 4, -2/39 HPs)
             Began as a Minotaur Fighter on Feb 16, 2023.
             Slain by an iguana (10 damage)
             ... on level 4 of the Dungeon.
             The game lasted 00:03:59 (1498 turns).

Darius099 the Chopper (Minotaur Fighter)            Turns: 1498, Time: 00:03:59

Health: -2/39      AC:  8    Str: 23    XL:     4   Next: 3%
Magic:  3/3        EV:  9    Int:  5    God:
Gold:   91         SH:  4    Dex:  9    Spells: 3/3 levels left

rFire   + . .      SeeInvis .    a - +0 war axe
rCold   . . .      Faith    .    c - +0 buckler
rNeg    . . .      Spirit   .    b - +0 scale mail
rPois   +          Reflect  .    (helmet restricted)
rElec   .          Harm     .    (no cloak)
rCorr   .          Rampage  .    k - +0 pair of gloves
Will    .....                    (no boots) Stlth
                                 (no amulet)
HPRegen 0.26/turn                i - ring of poison resistance
MPRegen 0.08/turn                n - ring of protection from fire

@: no status effects
A: horns 2, retaliatory headbutt
a: no special abilities


You were on level 4 of the Dungeon.
You visited 1 branch of the dungeon, and saw 3 of its levels.

You collected 91 gold pieces.

Inventory:

Hand Weapons
 a - a +0 war axe (weapon)
Missiles
 l - 28 stones (quivered)
Armour
 b - a +0 scale mail (worn)
 c - a +0 buckler (worn)
 k - a +0 pair of gloves (worn)
Jewellery
 i - a ring of poison resistance (left hand)
 n - a ring of protection from fire (right hand)
 s - a ring of see invisible
Scrolls
 e - 3 scrolls of identify {unknown}
 f - a scroll of enchant weapon {unknown}
 g - 2 scrolls of poison {unknown}
 m - 3 scrolls of teleportation {unknown}
 o - 4 scrolls of fog {unknown}
 q - a scroll of summoning {unknown}
Potions
 d - 3 potions of might
 h - 3 potions of flight {unknown}
 j - 2 potions of lignification {unknown}
 p - 2 potions of cancellation {unknown}
 r - a potion of curing {unknown}
 t - a potion of attraction {unknown}


   Skills:
 - Level 3.6 Fighting
 + Level 5.3 Axes
 - Level 3.6 Armour
 - Level 3.6 Shields


You had 3 spell levels left.
You didn't know any spells.
Your spell library contained the following spells:

 Spells                   Type           Power      Damage    Failure   Level
 Kindle Blastsparks       Fire/Tloc/Air  0%         2d10      99%         3
 Fulminant Prism          Conj/Hex       0%         3d5       100%        4
 Iskenderun's Mystic Bla  Conj/Tloc      0%         2d3       100%        4
 Lee's Rapid Deconstruct  Erth           0%         3d4*      100%        5


Dungeon Overview and Level Annotations

Branches:
Dungeon (2/15)

Altars:

Shops:
D:1 :


Innate Abilities, Weirdness & Mutations

You have a pair of horns on your head.
You reflexively headbutt those who attack you in melee.


Message History

A ball python comes into view.
Found a book of Decay.
The ball python hisses angrily.
You block the goblin's attack.
You closely miss the goblin. You headbutt the goblin.
You kill the goblin!
An iguana comes into view.
The iguana hisses angrily.
The iguana moves out of view.
You see here a +0 dagger.
You closely miss the ball python. You hit the iguana.
The ball python bites you. The ball python closely misses you.
The iguana bites you but does no damage.
The ball python closely misses you. The ball python grabs you.
The ball python constricts you.
You closely miss the ball python. Your headbutt misses the ball python.
You barely miss the iguana. The iguana bites you!
The ball python closely misses you. You furiously retaliate!
You headbutt the ball python.
You kill the ball python!
You hit the iguana.
The iguana is heavily wounded.
You block the iguana's attack. The iguana bites you!
You hit the iguana.
The iguana is heavily wounded.
The iguana barely misses you.
You closely miss the iguana.
The iguana is heavily wounded.
The iguana barely misses you.
You hit the iguana.
The iguana is severely wounded.
A jelly comes into view.
The iguana bites you.
The jelly quivers.
You hit the iguana but do no damage.
The iguana is severely wounded.
The iguana bites you.
* * * LOW HITPOINT WARNING * * *
The iguana bites you!
You die...

##.#. ..:.. #....
...... ...#..#
.......##
...?....######
#@)....##
#l####..# #.. ##.#
#.### #.##
#....##..## .#
..##......#####.#
#.##..|.......#.#
............##.#.#
##.###......##.#.#


You could see an iguana.

Vanquished Creatures
  2 adders (D:2)
  2 worms (D:2)
  A dart slug (D:2)
  A bat (D:2)
  4 endoplasms
  A giant cockroach (D:2)
  5 goblins
  4 hobgoblins
  4 quokkas (D:1)
  5 ball pythons
  A frilled lizard (D:1)
  6 kobolds
  4 rats
40 creatures vanquished.

Notes
Turn   | Place    | Note
-------+----------+-------------------------------------------
     0 | D:1      | Darius099 the Minotaur Fighter began the quest for the Orb.
     0 | D:1      | Reached XP level 1. HP: 19/19 MP: 0/0
   167 | D:1      | Reached skill level 3 in Axes
   184 | D:1      | Reached XP level 2. HP: 24/26 MP: 1/1
   561 | D:1      | Reached skill level 4 in Axes
   760 | D:1      | Found Naasis's Book Shoppe.
  1091 | D:2      | Reached XP level 3. HP: 18/31 MP: 2/2
  1301 | D:2      | Reached skill level 5 in Axes
  1353 | D:2      | Reached XP level 4. HP: 37/39 MP: 3/3
  1392 | D:2      | You fall into a shaft and drop 2 floors!
  1498 | D:4      | Slain by an iguana

Illustrated notes

Levels and vault maps discovered:
D:1:      evilmike_arrival_crescent, layout_basic, serial_shops,
          nicolae_shop_behind_doors, minivault_25
D:2:      layout_basic, nicolae_wormholes
D:4:      layout_basic, lemuel_mausoleum_altar_yredelemnul, serial_shops,
          nicolae_shop_stone

Skill      XL: |  1  2  3 |
---------------+----------+-----
Axes           | 3 4 5 |  5.3
Fighting       | |  3.6
Armour         | |  3.6
Shields        | |  3.6

Action                     |  1- 3 |  4- 6 || total
---------------------------+-------+-------++-------
  Melee: War axe           |    80 |     8 ||    88
         Headbutt          |     4 |     1 ||     5
 Armour: Scale mail        |    40 |     1 ||    41
  Dodge: Dodged            |    38 |     5 ||    43
  Block: Buckler           |    19 |     2 ||    21

Table legend: (Time is in decaauts)
 A = Elapsed time spent in this place.
 B = Non-inter-level travel time spent in this place.
 C = Inter-level travel time spent in this place.
 D = Time resting spent in this place.
 E = Time spent auto-exploring this place.
 F = Levels seen in this place.
 G = Mean time per level.
                   A        B        C        D        E       F      G
               +--------+--------+--------+--------+--------+-----+--------+
         Total |   1526 |   1441 |     85 |      0 |   1114 |   3 |  508.7 |
       Dungeon |   1526 |   1441 |     85 |      0 |   1114 |   3 |  508.7 |
               +--------+--------+--------+--------+--------+-----+--------+

Top non-repeatable levels by time:
     D:1: 1017 daAuts
     D:2: 401 daAuts
     D:4: 107 daAuts
